 Dungeon Crawl Stone Soup version 0.22.1-1-ga44c0e56f4 (webtiles) character file.

798 Kaderl the Cudgeler (level 7, 0/61 HPs)
             Began as a Hill Orc Monk on Oct 31, 2018.
             Was a Believer of Beogh.
             Slain by an orc warrior
             ... wielding a +0 short sword
              (5 damage)
             ... on level 5 of the Dungeon.
             The game lasted 00:12:05 (5389 turns).

Kaderl the Cudgeler (Hill Orc Monk)                 Turns: 5389, Time: 00:12:05

Health: 0/61       AC:  8    Str: 16    XL:     7   Next: 89%
Magic:  7/7        EV: 13    Int: 10    God:    Beogh [**....]
Gold:   292        SH:  0    Dex: 16    Spells: 6/6 levels left

rFire    + . .     SeeInvis .   n - +0 flail
rCold    . . .     Gourm    .   (no shield)
rNeg     . . .     Faith    .   j - +1 ring mail
rPois    .         Spirit   .   (no helmet)
rElec    .         Reflect  .   (no cloak)
rCorr    .         Harm     .   a - +0 pair of gloves
MR       .....                  (no boots)
Stlth    ++........             b - amulet of magic regeneration
HPRegen  0.20/turn              l - +3 ring of dexterity
MPRegen  0.35/turn              o - ring of protection from fire

@: no status effects
A: no striking features
a: Smiting, Renounce Religion


You were on level 5 of the Dungeon.
You worshipped Beogh.
Beogh was pleased with you.
You were not hungry.

You visited 1 branch of the dungeon, and saw 6 of its levels.

You collected 292 gold pieces.

Inventory:

Hand Weapons
 n - a +0 flail (weapon)
Armour
 a - a +0 pair of gloves (worn)
 j - a +1 ring mail (worn)
Jewellery
 b - an amulet of magic regeneration (around neck)
 i - an uncursed amulet of the gourmand {unknown}
 l - a +3 ring of dexterity (left hand)
 o - a ring of protection from fire (right hand)
Wands
 f - a wand of paralysis (22)
Scrolls
 g - 3 scrolls of magic mapping
 m - a scroll of enchant armour
Potions
 d - a potion of agility {unknown}
 e - a potion of haste
 h - a potion of mutation {unknown}
 k - 2 potions of heal wounds {unknown}
 p - 2 potions of curing {unknown}
 q - 2 potions of invisibility {unknown}
Comestibles
 c - 3 rations


   Skills:
 + Level 5.4 Fighting
 + Level 6.3 Maces & Flails
 + Level 4.4 Armour
 + Level 3.6 Dodging
 + Level 2.7 Stealth
 + Level 0.6 Invocations


You had 6 spell levels left.
You didn't know any spells.
Your spell library contained the following spells:

 Spells                   Type           Power        Failure   Level  Hunger
 Confusing Touch          Hex            #.....       56%         1    ##.....
 Flame Tongue             Conj/Fire      #....        56%         1    ##.....
 Throw Flame              Conj/Fire      #.....       71%         2    ###....
 Confuse                  Hex            #.......     90%         3    ####...
 Conjure Flame            Conj/Fire      #.......     90%         3    ####...
 Gell's Gravitas          Tloc           #.........   90%         3    ####...
 Inner Flame              Hex/Fire       #.......     90%         3    ####...
 Petrify                  Tmut/Erth      #.......     100%        4    #####..
 Sticky Flame             Conj/Fire      #.......     100%        4    #####..
 Fireball                 Conj/Fire      #.........   100%        5    ######.
 Metabolic Englaciation   Hex/Ice        #.........   100%        5    ######.
 Yara's Violent Unravell  Hex/Tmut       #.........   100%        5    ######.


Dungeon Overview and Level Annotations

Branches:
Dungeon (6/15)
 Temple: D:4-7

Altars:
Ashenzari
Dithmenos
Fedhas
Makhleb
Trog

Annotations:
D:4 2 transporters, hurdos's ghost, amateur DsGl


Message History

* * * LOW HITPOINT WARNING * * *
The hound skeleton closely misses you.
You completely miss the orc warrior.
The orc warrior is lightly wounded.
The orc warrior hits you but does no damage.
The hound skeleton barely misses you.
The orc warrior hits you with a short sword!
* * * LOW HITPOINT WARNING * * *
You see here 10 arrows.
The hound skeleton bites you but does no damage.
There is a stone staircase leading up here.
The hound skeleton bites you but does no damage.
The hound skeleton misses you.
You climb upwards.
There is a stone staircase leading down here.
You barely miss the orc warrior.
The orc warrior is lightly wounded.
The orc warrior hits you with a short sword.
You die...
Beogh appreciates the orc warrior's killing of a heretic priest.

####### #.....###
############.......#
.................>##
########.........##
######....##.....#
...)[.)#####.....#
....#### #....o#####
.....# #####..@....#
.....# #...........#
.....#####.####......#
.....................#
..)..#....#####......#
.<..####### #......#
....# ##_## #......#
....##8...8# #....###
....##.....# #....#


You could see an orc warrior.

Vanquished Creatures
  An ice beast (D:5)
  An ogre (D:5)
  A bullfrog (D:5)
  3 scorpions
  An orc wizard (D:5)
  2 orc priests (D:5)
  3 hounds
  3 worker ants
  6 gnolls (D:5)
  2 adders (D:2)
  2 adder skeletons (D:5)
  A worm (D:5)
  A dart slug (D:3)
  5 leopard geckos
  12 orcs
  2 ball pythons
  6 bats
  4 giant cockroaches
  3 goblins
  3 hobgoblins
  A quokka (D:5)
  3 frilled lizards (D:3)
  3 kobolds
  8 rats
77 creatures vanquished.

Vanquished Creatures (others)
  An orc (D:4)
1 creature vanquished.

Grand Total: 78 creatures vanquished

Notes
Turn   | Place    | Note
-------+----------+-------------------------------------------
     0 | D:1      | Kaderl the Hill Orc Monk began the quest for the Orb.
     0 | D:1      | Reached XP level 1. HP: 19/19 MP: 1/1
   333 | D:1      | Reached XP level 2. HP: 27/27 MP: 2/2
   814 | D:2      | Reached XP level 3. HP: 25/33 MP: 3/3
  1392 | D:3      | Found a shadowy altar of Dithmenos.
  1455 | D:3      | Reached skill level 1 in Armour
  1456 | D:3      | Found a shattered altar of Ashenzari.
  1588 | D:3      | Found a blossoming altar of Fedhas.
  1618 | D:3      | Reached XP level 4. HP: 40/40 MP: 4/4
  1977 | D:4      | Reached skill level 4 in Maces & Flails
  2120 | D:4      | Reached XP level 5. HP: 41/47 MP: 5/5
  2161 | D:4      | Noticed hurdos's ghost (amateur DsGl)
  2381 | D:4      | Found a transporter.
  2677 | D:4      | Became a worshipper of Beogh the Brigand
  2677 | D:4      | Reached * piety under Beogh
  2677 | D:4      | Reached ** piety under Beogh
  2717 | D:4      | Reached XP level 6. HP: 43/53 MP: 6/6
  2790 | D:4      | Found a burning altar of Makhleb.
  2922 | D:4      | Found a transporter.
  3274 | D:5      | Entered Level 5 of the Dungeon
  3501 | D:5      | Reached skill level 5 in Maces & Flails
  3979 | D:5      | Reached skill level 5 in Fighting
  3979 | D:5      | Reached XP level 7. HP: 22/61 MP: 7/7
  4494 | D:5      | Found a bloodstained altar of Trog.
  4683 | D:5      | Reached skill level 6 in Maces & Flails
  5214 | D:5      | Found a shattered altar of Ashenzari.
  5377 | D:6      | HP: 2/61 [orc warrior/short sword (13)]
  5389 | D:5      | Slain by an orc warrior

Skill      XL: |  1  2  3  4  5  6  7 |
---------------+----------------------+-----
Fighting       | 4 5 |  5.4
Armour         | 1 2 3 4 |  4.4
Stealth        | 2 |  2.7
Maces & Flails | 4 5 6 |  6.3
Dodging        | 3 |  3.6
Invocations    | |  0.6

Action                   |  1- 3 |  4- 6 |  7- 9 || total
-------------------------+-------+-------+-------++-------
Melee: Mace              |   108 |    11 |       ||   119
       Flail             |       |   111 |    85 ||   196
Invok: Convert to Beogh  |       |     1 |       ||     1
       Smiting           |       |     1 |     1 ||     2
Evoke: Wand              |       |     1 |       ||     1
  Use: Scroll            |     9 |     5 |     1 ||    15
 Stab: Sleeping          |     3 |     1 |       ||     4
       Paralysed         |       |     2 |       ||     2
       Distracted        |       |       |     1 ||     1
  Eat: Ration            |     1 |     2 |     2 ||     5
Armor: Robe              |     2 |       |       ||     2
       Ring mail         |    52 |    35 |    32 ||   119
Dodge: Dodged            |    87 |    99 |    51 ||   237
